 Dungeon Crawl Stone Soup version 0.15-a0-1345-gc375f20 (webtiles) character file.

6 Qrupt the Caller (level 1, -1/10 HPs)
             Began as a Tengu Summoner on June 8, 2014.
             Slain by a giant gecko (2 damage)
             ... on Level 1 of the Dungeon.
             The game lasted 00:01:49 (551 turns).

Qrupt the Caller (Tengu Summoner)                    Turns: 551, Time: 00:01:50

HP  -1/10        AC  2     Str  8      XL: 1   Next: 90%
MP   0/3         EV 12     Int 15      God:
Gold 31          SH  0     Dex 14      Spells:  1 memorised,  3 levels left

rFire  . . .     SeeInvis .     l - +0 club
rCold  . . .     Clarity  .     a - +0 robe
rNeg   . . .     rCorr    .     (no shield)
rPois  .         rRot     .     (helmet restricted)
rElec  .         Spirit   .     (no cloak)
SustAb .         Warding  .     (no gloves)
rMut   .         Stasis   .     (boots unavailable)
Gourm  .                        (no amulet)
MR     .....                    (no ring)
                                (no ring)

@: not resistant to hostile enchantments, unstealthy
A: beak, talons 3
a: no special abilities


You were on level 1 of the Dungeon.
You were not hungry.

You visited 1 branch of the dungeon, and saw 1 of its levels.

You collected 31 gold pieces.

Inventory:

Hand weapons
 l - a +0,+0 club (weapon)
Armour
 a - a +0 robe (worn)
Comestibles
 c - a bread ration
 d - a meat ration
 i - 5 fruits
Scrolls
 f - a scroll of fear {unknown}
 h - a scroll of fog {unknown}
 k - a scroll of noise {unknown}
Potions
 e - a potion of invisibility {unknown}
 g - a potion of heal wounds {unknown}
 j - a potion of brilliance {unknown}
Books
 b - a book of Callings

   Spells                             Type                      Level
   *Summon Small Mammal               Summoning                    1
   Call Imp                           Summoning                    2
   Call Canine Familiar               Summoning                    3
   Summon Guardian Golem              Hexes/Summoning              4
   Summon Lightning Spire             Summoning/Air                4
   Summon Ice Beast                   Ice/Summoning                4


   Skills:
 - Level 2.1 Dodging
 - Level 2.0 Stealth
 + Level 2.1 Spellcasting
 + Level 5.1 Summonings


You had 3 spell levels left.
You knew the following spells:

 Your Spells              Type           Power        Failure   Level  Hunger
a - Summon Small Mammal   Summ           ###.         2%          1    #......


Dungeon Overview and Level Annotations

Branches:
Dungeon (1/15)

Altars:


Innate Abilities, Weirdness & Mutations

You have a beak for a mouth.
You have claws for feet.


Message History

Your rat dies!
Your rat's corpse disappears in a puff of smoke!
Your quokka closely misses the giant gecko.
The giant gecko bites your quokka.
Your quokka dies!
Your quokka's corpse disappears in a puff of smoke!
Casting: Summon Small Mammal
Confirm with . or Enter, or press ? or * to list all spells.
The giant gecko bites your quokka.
Your quokka misses the giant gecko.
Casting: Summon Small Mammal
Confirm with . or Enter, or press ? or * to list all spells.
You don't have enough magic to cast that spell.
Your quokka bites the giant gecko but does no damage.
Your quokka bites the giant gecko.
The giant gecko misses your quokka.
Your quokka closely misses the giant gecko.
Your quokka bites the goblin.
Casting: Summon Small Mammal
Confirm with . or Enter, or press ? or * to list all spells.
The giant gecko closely misses you. The giant gecko bites you.
You die...

.....##...................#
#.#..###########.##########
#.##.....## #.........#
##.##......#####.........#
#.............##.#.......#
#.........###....#..>...##
#......%...####..###.....### #
##....%.....#####%###.#.#....
##..#...%.%.....@lr.#..##.#......
#..PP..........#..g....##.#####..
...≈≈P.........#r...........###..
..P≈≈≈.###########..#..>..#....#.
.#.♣♣≈.# ##.........##... # #.#.#
###........###. ###.#
###....#..... ..# #....#####$ ###
####.# #.


You could see a giant gecko, a goblin, a friendly quokka and a friendly rat.

Vanquished Creatures
  An ooze (D:1)
  A giant cockroach (D:1)
  2 rats (D:1)
4 creatures vanquished.

Vanquished Creatures (collateral kills)
  2 hobgoblins (D:1)
2 creatures vanquished.

Vanquished Creatures (others)
  2 quokkas (D:1)
  A rat (D:1)
3 creatures vanquished.

Grand Total: 9 creatures vanquished

Notes
Turn   | Place    | Note
--------------------------------------------------------------
     0 | D:1      | Qrupt, the Tengu Summoner, began the quest for the Orb.
     0 | D:1      | Reached XP level 1. HP: 10/10 MP: 3/3
    57 | D:1      | Reached skill level 5 in Summonings
   551 | D:1      | Slain by a giant gecko

Action                   || total
-------------------------++-------
Melee: Unarmed           ||    18
       Club              ||     3
 Cast: Summon Small Mamm ||     7
 Stab: Sleeping          ||     1
